 Dungeon Sprint DCSS version 0.27.1-33-g824d729ab1 (webtiles) character file.

Game seed: 14132280077864504687

76 hilljack the Chiller (level 4, -4/24 HPs)
             Began as a Gargoyle Ice Elementalist on Dec 8, 2021.
             Was an Initiate of Hepliaklqana.
             Slain by a wraith (5 damage)
             ... in the Dungeon (Sprint IX: "|||||||||||||||||||||||||||||").
             The game lasted 00:02:28 (298 turns).

hilljack the Chiller (Gargoyle Ice Elementalist)     Turns: 298, Time: 00:02:29

Health: -4/24      AC:  7    Str: 12    XL:     4   Next: 32%
Magic:  11/11      EV: 14    Int: 16    God:    Hepliaklqana [......]
Gold:   0          SH:  0    Dex: 13    Spells: 12/13 levels left

rFire    . . .     SeeInvis .   l - +2 halberd (protect)
rCold    . . .     Faith    .   (shield currently unavailable)
rNeg     + . .     Spirit   .   a - +0 robe
rPois    ∞         Reflect  .   m - +0 helmet
rElec    +         Harm     .   n - +0 cloak
rCorr    .         Rampage  .   (no gloves)
Will     .....     NoTele   +   (no boots)
Stlth    ++........             (no amulet)
HPRegen  0.08/turn              o - +2 ring of evasion
MPRegen  0.12/turn              p - +3 ring of dexterity

@: slowed, very slow
A: sickness immunity, AC +3, negative energy resistance 1, electricity
resistance, torment resistance 1, petrification resistance
a: Renounce Religion


You were in the Dungeon.
You worshipped Hepliaklqana.
Hepliaklqana was noncommittal.
You visited 1 branch

Inventory:

Hand Weapons
 h - a +0 dagger
 l - a +2 halberd of protection (weapon)
Armour
 a - a +0 robe (worn)
 m - a +0 helmet (worn)
 n - a +0 cloak (worn)
Jewellery
 o - a +2 ring of evasion (left hand)
 p - a +3 ring of dexterity (right hand)
Wands
 k - a wand of iceblast (10)
Scrolls
 g - 2 scrolls of blinking
 j - 2 scrolls of amnesia
Potions
 b - a potion of invisibility
 c - 3 potions of heal wounds
 d - a potion of haste
 e - 4 potions of magic
 f - a potion of berserk rage
 i - 4 potions of curing


   Skills:
 - Level 1.5 Dodging
 - Level 2.1 Stealth
 + Level 5.0 Spellcasting
 + Level 7.5 Ice Magic


You had 12 spell levels left.
You knew the following spells:

 Your Spells              Type           Power      Damage    Failure   Level
a - Freeze                Ice            100%       1d11      1%          1

Your spell library contained the following spells:

 Spells                   Type           Power      Damage    Failure   Level
 Frozen Ramparts          Ice            56%        1d7       1%          3
 Ozocubu's Armour         Ice            28%        N/A       1%          3
 Hailstorm                Conj/Ice       16%        3d6       32%         4


Dungeon Overview and Level Annotations

Branches:
Dungeon (1/1)

Altars:
Cheibriados
Dithmenos
Elyvilon
Fedhas
Gozag
Hepliaklqana
Kikubaaqudgha
Makhleb
Nemelex Xobeh
Okawaru
Qazlal
Ru
Sif Muna
Trog
Uskayaw
Vehumet
Wu Jian
Xom
Yredelemnul
Zin
The Shining One
Beogh
Jiyva
Lugonu


Innate Abilities, Weirdness & Mutations

You are immune to sickness and miasma.
Your stone body is resilient. (AC +3)
You are immune to poison.
You resist negative energy. (rN+)
You are resistant to electric shocks. (rElec)
You are resistant to unholy torment.
You are immune to petrification.


Message History

You finish putting on your +0 helmet.
You see here a +0 cloak.
You start putting on your armour.
You continue putting on your +0 cloak. x4
You finish putting on your +0 cloak.
You see here a +1 chain mail.
o - a +2 ring of evasion
p - a +3 ring of dexterity
o - a +2 ring of evasion (left hand)
You can't see any susceptible monsters within range! (Use Z to cast anyway.)
You feel agile.
p - a +3 ring of dexterity (right hand)
You see here a +1 chain mail.
Items here: ))))).
Items here: ))))).
Your +2 halberd of protection hums with potential!
l - a +2 halberd of protection (weapon)
You see here a +1 chain mail.
You open the door.
A killer bee, a kobold brigand, a centaur and 3 wraiths come into view.
The kobold brigand is wielding a +0 dagger and quivering poisoned darts.
The centaur shouts!
The kobold brigand shouts!
The killer bee buzzes angrily.
You hit the wraith but do no damage.
Your weapon exudes an aura of protection.
The wraith misses you.
You completely miss the wraith. The wraith misses you.
The wraith closely misses you.
You completely miss the wraith. The wraith hits you.
The shadow slips into darkness.
The shadow flickers and vanishes!
Deactivating autopickup; reactivate with Ctrl-A.
You barely miss the wraith. The wraith hits you but does no damage.
The shadow slips into darkness.
The shadow flickers and vanishes!
The wraith hits you! The wraith drains your vigour!
You feel yourself slow down.
You closely miss the wraith. The wraith hits you!
Ouch! That really hurt!
* * * LOW HITPOINT WARNING * * *
The wraith hits you.
You die...

▓.▓
▓{▓
▓y▓
▓K▓
▓c▓
▓{▓
▓W▓
▓@▓
▓.▓
▓[▓
▓.▓
▓.▓
▓.▓
▓)▓
▓.▓
▓.▓


You could see a wraith, a kobold brigand, a centaur and a killer bee.

Vanquished Creatures
  An iguana (D)
  An orc wizard (D)
  2 adders (D)
  A dart slug (D)
  A goblin (D)
  A jackal (D)
  A ball python (D)
  A frilled lizard (D)
  A rat (D)
10 creatures vanquished.

Notes
Turn   | Place    | Note
-------+----------+-------------------------------------------
     0 | D        | hilljack the Gargoyle Ice Elementalist began the quest for
                  | the Orb.
     0 | D        | Reached XP level 1. HP: 10/10 MP: 3/3
    11 | D        | Reached skill level 5 in Ice Magic
    71 | D        | Noticed an iguana
    71 | D        | Noticed an orc wizard
    78 | D        | Reached XP level 2. HP: 10/15 MP: 2/5
    87 | D        | Reached skill level 6 in Ice Magic
    87 | D        | Reached XP level 3. HP: 9/19 MP: 2/7
   115 | D        | Reached skill level 7 in Ice Magic
   115 | D        | Reached XP level 4. HP: 16/24 MP: 1/10
   118 | D        | Reached skill level 5 in Spellcasting
   221 | D        | Found a snail-covered altar of Cheibriados.
   221 | D        | Found a shadowy altar of Dithmenos.
   221 | D        | Found a white marble altar of Elyvilon.
   221 | D        | Found a blossoming altar of Fedhas.
   221 | D        | Found an opulent altar of Gozag.
   222 | D        | Found a hazy altar of Hepliaklqana.
   223 | D        | Found a viscous altar of Jiyva.
   224 | D        | Found an ancient bone altar of Kikubaaqudgha.
   225 | D        | Found a corrupted altar of Lugonu.
   226 | D        | Found a burning altar of Makhleb.
   227 | D        | Found a sparkling altar of Nemelex Xobeh.
   228 | D        | Found an iron altar of Okawaru.
   229 | D        | Found a stormy altar of Qazlal.
   230 | D        | Became a worshipper of Hepliaklqana the Forgotten
   231 | D        | Found a sacrificial altar of Ru.
   232 | D        | Found a shimmering blue altar of Sif Muna.
   233 | D        | Found a bloodstained altar of Trog.
   234 | D        | Found a hide-covered altar of Uskayaw.
   235 | D        | Found a radiant altar of Vehumet.
   236 | D        | Found an ornate altar of the Wu Jian Council.
   237 | D        | Found a shimmering altar of Xom.
   238 | D        | Found a basalt altar of Yredelemnul.
   239 | D        | Found a glowing silver altar of Zin.
   240 | D        | Found a glowing golden altar of the Shining One.
   293 | D        | Noticed a shadow
   293 | D        | Noticed a kobold brigand
   293 | D        | Noticed a centaur
   293 | D        | Noticed a shadow
   293 | D        | Noticed a wraith
   298 | D        | HP: 1/24 [wraith (12)]
   298 | D        | Slain by a wraith

Illustrated notes

Levels and vault maps discovered:
D:        linesprint [early_d, line_temple, items_1, d_10, items_2, lair_1,
          lair_end, items_3, orc_1, orc_end, items_4, d_15, swamp_1, shoals_1,
          snake_1, spider_1, d_20, vaults_1, items_5, swamp_end, shoals_end,
          snake_end, spider_end, vaults_end, d_27, items_6, zot_1, zot_end,
          crypt_end, forest_end, elf_end, slime_end, tomb_end, abyss_end,
          pan_hell_end]

Skill      XL: |  1  2  3  4 |
---------------+-------------+-----
Ice Magic      | 5 6 7 |  7.5
Spellcasting   | 3 4 5 |  5.0
Dodging        | |  1.5
Stealth        | |  2.1

Action                   |  1- 3 |  4- 6 || total
-------------------------+-------+-------++-------
Melee: Unarmed           |    15 |       ||    15
       Dagger            |    25 |     3 ||    28
       Halberd           |       |     5 ||     5
 Cast: Freeze            |     9 |       ||     9
  Use: Potion            |     1 |       ||     1
Armor: Robe              |    23 |     2 ||    25
Dodge: Dodged            |    17 |     4 ||    21
